 Dungeon Crawl Stone Soup version 0.24.0-13-gcf9b319 (webtiles) character file.

Game seed: 4327765451150076626, levelgen mode: deterministic

245 Fang the Skirmisher (level 6, 0/39 HPs)
             Began as a Gargoyle Berserker on Nov 25, 2019.
             Was a Priest of Trog.
             Slain by an orc wizard
             ... wielding a +0 dagger
              (2 damage)
             ... on level 3 of the Dungeon.
             The game lasted 00:01:57 (2389 turns).

Fang the Skirmisher (Gargoyle Berserker)            Turns: 2389, Time: 00:01:57

Health: 0/39       AC:  6    Str: 22    XL:     6   Next: 10%
Magic:  6/6        EV: 12    Int:  8    God:    Trog [***...]
Gold:   132        SH:  0    Dex:  9    Spells: 5/5 levels left

rFire    . . .     SeeInvis .   a - +0 hand axe
rCold    . . .     Gourm    .   (no shield)
rNeg     + . .     Faith    .   b - +0 animal skin
rPois    ∞         Spirit   .   (no helmet)
rElec    +         Reflect  .   (no cloak)
rCorr    .         Harm     .   (no gloves)
MR       .....                  (no boots)
Stlth    +.........             (no amulet)
HPRegen  0.13/turn              (no ring)
MPRegen  0.10/turn              (no ring)

@: berserk cooldown, slowed, very slow
A: negative energy resistance 1, electricity resistance, unbreathing,
petrification resistance, rot immunity, AC +4
a: Berserk, Trog's Hand, Renounce Religion


You were on level 3 of the Dungeon.
You worshipped Trog.
Trog was most pleased with you.
You were hungry.

You visited 1 branch of the dungeon, and saw 3 of its levels.

You collected 132 gold pieces.

Inventory:

Hand Weapons
 a - a +0 hand axe (weapon)
Armour
 b - a +0 animal skin (worn)
Wands
 q - a wand of flame (18)
 r - a wand of polymorph (2)
Scrolls
 d - a scroll of remove curse {unknown}
 e - 2 scrolls of amnesia {unknown}
 f - 2 scrolls of enchant weapon {unknown}
 k - 3 scrolls of identify {unknown}
 l - a scroll of immolation {unknown}
 s - a scroll of magic mapping {unknown}
Potions
 g - a potion of magic {unknown}
 h - 2 potions of invisibility {unknown}
 i - 2 potions of curing {unknown}
 j - 2 potions of brilliance {unknown}
 m - a potion of mutation {unknown}
 o - 2 potions of flight {unknown}
 p - a potion of lignification {unknown}
Comestibles
 c - 4 rations
 n - a chunk of flesh


   Skills:
 + Level 4.5 Fighting
 + Level 3.8 Axes
 + Level 3.8 Armour
 + Level 2.8 Dodging


You had 5 spell levels left.
You didn't know any spells.
Your spell library was empty.

Dungeon Overview and Level Annotations

Branches:
Dungeon (3/15)

Altars:


Innate Abilities, Weirdness & Mutations

You are resistant to torment.
Your stone body is resilient. (AC +4)
You are immune to poison.
You resist negative energy. (rN+)
You are resistant to electric shocks. (rElec)
You can survive without breathing.
You are immune to petrification.
You are immune to rotting.


Message History

The orc wizard mumbles some strange words.
The orc wizard seems to speed up.
The adder completely misses you. The adder bites you but does no damage.
The orc wizard hits you with a +0 dagger.
* * * LOW HITPOINT WARNING * * *
You closely miss the adder.
The adder is moderately wounded.
You hit the orc wizard.
The orc wizard hits you but does no damage.
The adder bites you.
* * * LOW HITPOINT WARNING * * *
The orc wizard hits you but does no damage.
The adder barely misses you.
You barely miss the adder.
The adder is moderately wounded.
You hit the orc wizard but do no damage.
The orc wizard barely misses you. The adder bites you but does no damage.
The orc wizard barely misses you. The adder misses you.
The orc wizard hits you with a +0 dagger.
You die...

#.# #. #.# #.
#.# #. ##.# #.
#..# #.
######†## #
##. #......#
... ...
#......##.....
...
#.....@S......
...
#....o####....
... #...$.. ..
.. ######..
... ... ...
.... ... .....
... ...... ##


You could see an orc wizard and an adder.

Vanquished Creatures
  An orc wizard (D:3)
  Natasha (thrice) (D:2)
  A worker ant (D:3)
  3 adders (D:3)
  An ooze (D:2)
  A worm (D:2)
  A dart slug (D:1)
  A leopard gecko (D:2)
  An orc (D:3)
  8 giant cockroaches
  5 goblins
  5 hobgoblins
  15 jackals
  A quokka (D:3)
  8 bats
  5 frilled lizards
  7 kobolds
  12 rats
79 creatures vanquished.

Notes
Turn   | Place    | Note
-------+----------+-------------------------------------------
     0 | D:1      | Fang the Gargoyle Berserker began the quest for the Orb.
     0 | D:1      | Reached XP level 1. HP: 14/14 MP: 1/1
   144 | D:1      | Reached XP level 2. HP: 10/19 MP: 2/2
   443 | D:1      | Reached XP level 3. HP: 16/23 MP: 3/3
   544 | D:1      | Reached ** piety under Trog
  1155 | D:2      | Reached XP level 4. HP: 12/29 MP: 4/4
  1554 | D:2      | Noticed Natasha
  1561 | D:2      | Killed Natasha
  1561 | D:2      | Reached skill level 4 in Fighting
  1759 | D:2      | Noticed Natasha
  1770 | D:2      | Killed Natasha
  1774 | D:2      | Reached XP level 5. HP: 33/33 MP: 5/5
  1948 | D:2      | Noticed Natasha
  1967 | D:2      | Killed Natasha
  2174 | D:3      | Reached *** piety under Trog
  2376 | D:3      | Reached XP level 6. HP: 28/39 MP: 6/6
  2389 | D:3      | Slain by an orc wizard

Levels and vault maps discovered:
D:1:      dpeg_arrival_prison, layout_loops_ring
D:2:      layout_basic, first_ration, uniq_natasha
D:3:      layout_rooms, elyvilon_altar_1

Skill      XL: |  1  2  3  4 |
---------------+-------------+-----
Axes           | 3 |  3.8
Dodging        | 2 |  2.8
Armour         | 3 |  3.8
Fighting       | 4 |  4.5

Action                   |  1- 3 |  4- 6 || total
-------------------------+-------+-------++-------
Melee: Hand axe          |   135 |   117 ||   252
       Unarmed           |       |     2 ||     2
Invok: Berserk           |     1 |     4 ||     5
  Eat: Chunk             |     1 |     8 ||     9
Armor: Animal skin       |    67 |    63 ||   130
       Skin              |       |    14 ||    14
Dodge: Dodged            |   103 |   134 ||   237
